 Dungeon Crawl Stone Soup version 0.20.1-1-g8b1a95d (webtiles) character file.

5933 HammerPanzer the Basher (level 10, -15/83 HPs)
             Began as a Demonspawn Berserker on Oct 29, 2017.
             Was a High Priest of Trog.
             Demolished by a cyan ugly thing (17 damage)
             ... on level 8 of the Dungeon.
             The game lasted 00:28:27 (10129 turns).

HammerPanzer the Basher (Demonspawn Berserker)     Turns: 10129, Time: 00:28:28

Health: -15/83     AC: 12    Str: 22    XL:     10   Next: 54%
Magic:  19/19      EV: 12    Int: 11    God:    Trog [*****.]
Gold:   251        SH:  0    Dex: 13    Spells: 9/9 levels left

rFire    . . .     SeeInvis .   w - +1 dire flail
rCold    . . .     Gourm    .   (shield currently unavailable)
rNeg     . . .     Faith    .   j - +1 chain mail
rPois    .         Spirit   .   a - +0 helmet
rElec    .         Reflect  .   q - +0 cloak
rCorr    +         Harm     .   g - +0 pair of gloves
MR       .....                  (no boots)
Stlth    ..........             (no amulet)
Regen    0.3/turn               u - ring of magical power
MPRegen  0.2/turn               v - ring of resist corrosion

@: berserk cooldown, slowed, repel missiles, very slow
A: claws 2, repulsion field 3, clever 1, foul stench 1, spiny 1, strong 1,
evolution 1, rot immunity
a: Berserk, Trog's Hand, Brothers in Arms, Burn Spellbooks, Renounce Religion


You were on level 8 of the Dungeon.
You worshipped Trog.
Trog was extremely pleased with you.
You were hungry.

You visited 1 branch of the dungeon, and saw 9 of its levels.

You collected 478 gold pieces.
You spent 227 gold pieces at shops.

Inventory:

Hand Weapons
 w - a +1 dire flail (weapon)
 y - a +0 shortbow of freezing
Missiles
 t - 172 arrows
 x - 4 tomahawks (quivered)
Armour
 a - a +0 helmet (worn)
 g - a +0 pair of gloves (worn)
 j - a +1 chain mail (worn)
 q - a +0 cloak (worn)
Jewellery
 u - a ring of magical power (left hand)
 v - a ring of resist corrosion (right hand)
Wands
 d - a wand of polymorph (11/24)
 f - a wand of random effects (32/48)
Scrolls
 b - 2 scrolls of enchant weapon
 h - 2 scrolls of identify
 l - 2 scrolls of remove curse
 n - 3 scrolls of blinking
 p - 2 scrolls of recharging
 s - a scroll of teleportation
 z - 3 scrolls of enchant armour
 A - a scroll of magic mapping {unknown}
 B - a scroll of fear {unknown}
Potions
 e - 4 potions of curing
 i - 3 potions of flight
 k - a potion of lignification
 o - 2 potions of agility
 C - a potion of ambrosia
Comestibles
 c - 5 bread rations
 m - 4 meat rations


   Skills:
 + Level 9.0 Fighting
 * Level 11.3 Maces & Flails
 + Level 5.5 Bows
 - Level 1.7 Armour
 - Level 1.7 Dodging


You had 9 spell levels left.
You didn't know any spells.

Dungeon Overview and Level Annotations

Branches:
Dungeon (9/15)             Temple (0/1) D:4
   Lair: D:8-11         Orc: D:9-12

Altars:
Ashenzari
Dithmenos
Gozag
Makhleb
Qazlal
Sif Muna
Uskayaw
Vehumet
Yredelemnul
The Shining One

Shops:
D:8 ?

Annotations:
D:8 Prince Ribbit


Innate Abilities, Weirdness & Mutations

You have very sharp fingernails.
You are surrounded by a strong repulsion field. (EV +4, RMsl)
You may emit foul miasma when damaged in melee.
You are partially covered in sharp spines.
You are immune to rotting.
Your mind is acute. (Int +2)
Your muscles are strong. (Str +2)
You evolve.


Message History

Trog will gift you weapons as your piety grows.
You are no longer berserk.
You are exhausted.
You feel yourself slow down.
The cyan ugly thing stings you but does no damage.
You hit the cyan ugly thing.
The cyan ugly thing is lightly wounded.
The cyan ugly thing is struck by your spines.
The cyan ugly thing misses you.
You closely miss the cyan ugly thing.
The cyan ugly thing is lightly wounded.
The cyan ugly thing is struck by your spines.
The cyan ugly thing stings you! The cyan ugly thing shocks you!
* * * LOW HITPOINT WARNING * * *
You barely miss the cyan ugly thing.
The cyan ugly thing is lightly wounded.
The cyan ugly thing stings you!
* * * LOW HITPOINT WARNING * * *
The cyan ugly thing shocks you!
You die...

..###)# #.##................#
......# #.##...........###(.#
..∩..)# #.##.............#..#
......# #?#######.####.#.#..#
##.##.# #.#######.#.........#
#..#.## #.........#.######.##
#.....######....####.#.#......#
##....##....#[...######.#.#######
............')..@.....#.#.###....
##.#........#...u####.#.#.#.....#
#....#...............#.#.#.#.#.#
#####.......)....[....#.#.#.#.#.#
......................#.#.#.#.#.#
#####..#####.........##.#.#.#.#.#
#...# #.........##.#.#.#.#.#
#.#.## #.........##.#.#.#.#.#
#.#..# #.........##.#.#.#.#.#


You could see a cyan ugly thing.

Vanquished Creatures
  2 two-headed ogres (D:8)
  Joseph (D:7)
  A hippogriff (D:8)
  A yak (D:8)
  A hungry ghost (D:4)
  3 sky beasts
  Duvessa (D:7)
  2 orc warriors
  2 ice beasts
  5 ogres
  A necrophage (D:6)
  2 phantoms
  5 centaurs
  A crocodile (D:7)
  6 bullfrogs
  A gnoll sergeant (D:6)
  A scorpion (D:6)
  Dowan (D:7)
  5 killer bees (D:8)
  The ghost of keltmir the Changer, a weakling DrTm (D:3)
  2 howler monkeys (D:7)
  3 crimson imps
  4 hounds
  5 orc priests
  2 bullfrog skeletons
  6 orc wizards
  3 iguanas
  Natasha (thrice) (D:2)
  3 worker ants
  A hound skeleton (D:6)
  A worker ant zombie (D:6)
  12 adders
  6 gnolls
  A howler monkey skeleton (D:4)
  3 oozes
  An adder skeleton (D:7)
  3 worms
  A dart slug (D:1)
  7 leopard geckos
  20 orcs
  6 giant cockroaches
  6 goblins
  10 hobgoblins
  20 jackals
  10 kobolds
  3 quokkas
  3 ball pythons
  6 bats
  4 frilled lizards
  3 jackal skeletons
  9 rats
210 creatures vanquished.

Notes
Turn   | Place    | Note
-------+----------+-------------------------------------------
     0 | D:1      | HammerPanzer the Demonspawn Berserker began the quest for the Orb.
     0 | D:1      | Reached XP level 1. HP: 18/18 MP: 1/1
   194 | D:1      | Reached skill level 3 in Maces & Flails
   222 | D:1      | Gained mutation: You are surrounded by a mild repulsion field. (EV +2) [demonic ancestry]
   222 | D:1      | Reached XP level 2. HP: 20/24 MP: 2/2
  1012 | D:2      | Reached XP level 3. HP: 25/29 MP: 3/3
  1342 | D:2      | Reached ** piety under Trog
  1579 | D:2      | Noticed Natasha
  1586 | D:2      | Killed Natasha
  1586 | D:2      | Reached skill level 4 in Maces & Flails
  1586 | D:2      | Gained mutation: You are surrounded by a moderate repulsion field. (EV +3) [demonic ancestry]
  1586 | D:2      | Reached XP level 4. HP: 36/37 MP: 4/4
  1760 | D:2      | Noticed Natasha
  1769 | D:2      | Killed Natasha
  1982 | D:2      | Noticed Natasha
  1993 | D:2      | Killed Natasha
  1993 | D:2      | Gained mutation: You have sharp fingernails. [demonic ancestry]
  1993 | D:2      | Reached XP level 5. HP: 42/42 MP: 5/5
  2455 | D:3      | Found a stormy altar of Qazlal.
  2747 | D:2      | Reached skill level 5 in Maces & Flails
  3496 | D:3      | Reached *** piety under Trog
  3505 | D:3      | Gained mutation: You are partially covered in sharp spines. [demonic ancestry]
  3505 | D:3      | Reached XP level 6. HP: 49/49 MP: 6/6
  3516 | D:3      | Noticed keltmir's ghost (weakling DrTm)
  3554 | D:3      | Killed keltmir's ghost
  4231 | D:3      | Reached skill level 6 in Maces & Flails
  4243 | D:3      | Found a burning altar of Makhleb.
  4255 | D:3      | Found a radiant altar of Vehumet.
  4256 | D:3      | Reached skill level 5 in Fighting
  4378 | D:4      | Found a shattered altar of Ashenzari.
  4382 | D:4      | Gained mutation: You have very sharp fingernails. [demonic ancestry]
  4382 | D:4      | Reached XP level 7. HP: 55/56 MP: 7/7
  4455 | D:4      | Noticed a hungry ghost
  4463 | D:4      | Killed a hungry ghost
  4595 | D:4      | Found a deep blue altar of Sif Muna.
  4595 | D:4      | Found a shadowy altar of Dithmenos.
  4644 | D:4      | Reached skill level 7 in Maces & Flails
  4732 | D:5      | Entered Level 5 of the Dungeon
  4793 | D:4      | Found an opulent altar of Gozag.
  4897 | D:4      | Found a staircase to the Ecumenical Temple.
  5130 | D:4      | Gained mutation: You are immune to rotting. [demonic ancestry]
  5130 | D:4      | Reached XP level 8. HP: 64/64 MP: 8/8
  5153 | D:4      | Found a hide-covered altar of Uskayaw.
  5602 | D:5      | Reached **** piety under Trog
  6170 | D:6      | Reached skill level 8 in Maces & Flails
  6182 | D:6      | Reached skill level 1 in Bows
  7075 | D:6      | Reached skill level 9 in Maces & Flails
  7116 | D:6      | Gained mutation: You may emit foul miasma when damaged in melee. [demonic ancestry]
  7116 | D:6      | Reached XP level 9. HP: 72/72 MP: 9/9
  7169 | D:6      | Found a glowing golden altar of the Shining One.
  7171 | D:6      | Noticed an angel
  7190 | D:6      | Found a basalt altar of Yredelemnul.
  7551 | D:7      | Noticed Joseph
  7573 | D:7      | Killed Joseph
  7758 | D:7      | Noticed Dowan
  7778 | D:7      | Received a gift from Trog
  7798 | D:7      | Killed Dowan
  7846 | D:7      | Noticed Duvessa
  7855 | D:7      | Killed Duvessa
  8005 | D:7      | Gained mutation: You evolve. [mutagenic meat]
  8006 | D:7      | Gained mutation: Your mind is acute. (Int +2) [mutagenic meat]
  8042 | D:7      | Reached skill level 10 in Maces & Flails
  8434 | D:8      | Noticed a two-headed ogre
  8442 | D:8      | Killed a two-headed ogre
  8442 | D:8      | Gained mutation: You are surrounded by a strong repulsion field. (EV +4, RMsl) [demonic ancestry]
  8442 | D:8      | Reached XP level 10. HP: 63/80 MP: 10/10
  8629 | D:8      | Found Dibram's Magic Scroll Emporium.
  8656 | D:8      | Bought a scroll of identify for 26 gold pieces
  8656 | D:8      | Bought a scroll of teleportation for 39 gold pieces
  8656 | D:8      | Bought a scroll of remove curse for 39 gold pieces
  8656 | D:8      | Bought a scroll of enchant armour for 97 gold pieces
  8656 | D:8      | Bought a scroll of identify for 26 gold pieces
  8981 | D:8      | Noticed Prince Ribbit
  9032 | D:8      | Noticed a two-headed ogre
  9039 | D:8      | Killed a two-headed ogre
  9039 | D:8      | Reached skill level 11 in Maces & Flails
  9039 | D:8      | Reached skill level 5 in Bows
  9106 | D:8      | Gained mutation: Your muscles are strong. (Str +2) [evolution]
 10109 | D:9      | Noticed a cyan ugly thing
 10126 | D:8      | Reached ***** piety under Trog
 10129 | D:8      | HP: 2/83 [cyan ugly thing (7)]
 10129 | D:8      | Demolished by a cyan ugly thing

Skill      XL: |  1  2  3  4  5  6  7  8  9 10 |
---------------+-------------------------------+-----
Maces & Flails | 3 4 5 6 7 9 10 11 | 11.3
Fighting       | 4 5 6 7 8 9 |  9.0
Bows           | 2 4 5 |  5.5
Armour         | |  1.7
Dodging        | |  1.7

Action                   |  1- 3 |  4- 6 |  7- 9 | 10-12 || total
-------------------------+-------+-------+-------+-------++-------
Melee: Mace              |   104 |   220 |    28 |       ||   352
       Morningstar       |       |       |    98 |       ||    98
       Dire flail        |       |       |   118 |    94 ||   212
 Fire: Shortbow          |       |       |    17 |     2 ||    19
Invok: Berserk           |     1 |     5 |    10 |     7 ||    23
       Burn Spellbooks   |       |     1 |       |       ||     1
  Use: Scroll            |       |     9 |     5 |     3 ||    17
  Eat: Chunk             |     2 |    14 |    22 |     7 ||    45
       Royal jelly       |       |       |     1 |       ||     1
       Bread ration      |       |       |       |     1 ||     1
       Fruit             |       |       |       |     1 ||     1
Armor: Ring mail         |    34 |    74 |       |       ||   108
       Chain mail        |       |     2 |    84 |    41 ||   127
Dodge: Dodged            |    59 |   187 |   103 |    47 ||   396
       Deflected         |       |       |       |     2 ||     2
